 Dungeon Crawl Stone Soup version 0.25-a0-731-g0472a16d6a (webtiles) character file.

Game seed: 13542236065185389261, levelgen mode: deterministic

113682 Lugonue the Peltast (level 16, -3/89 HPs)
             Began as a Tengu Venom Mage on Apr 7, 2020.
             Was a High Priest of Sif Muna.
             Slain by an enormous slime creature (67 damage)
             ... on level 12 of the Dungeon on Apr 8, 2020.
             The game lasted 01:54:41 (28503 turns).

Lugonue the Peltast (Tengu Venom Mage)             Turns: 28503, Time: 01:54:42

Health: -3/89      AC: 18    Str: 14    XL:     16   Next: 63%
Magic:  1/44       EV: 15    Int: 21    God:    Sif Muna [*****.]
Gold:   1614       SH: 15    Dex: 17    Spells: 22/44 levels left

rFire    + . .     SeeInvis +   a - staff of energy
rCold    . . .     Gourm    .   x - +2 kite shield
rNeg     . . .     Faith    .   P - +8 acid dragon scales of the Tanner {rCorr Dex+2 SInv Stlth-}
rPois    .         Spirit   .   E - +1 hat {SInv}
rElec    .         Reflect  .   (no cloak)
rCorr    +         Harm     .   J - +0 pair of gloves
MR       +....                  (boots unavailable)
Stlth    +.........             (no amulet)
HPRegen  0.24/turn              H - ring of the Median {rF+ Int+4}
MPRegen  0.29/turn              K - ring of magical power

@: no status effects
A: beak, talons 3, able to fly
a: Fly, Channel Magic, Forget Spell, Divine Exegesis, Renounce Religion


You were on level 12 of the Dungeon.
You worshipped Sif Muna.
Sif Muna was extremely pleased with you.
You were hungry.

You visited 5 branches of the dungeon, and saw 24 of its levels.

You collected 3069 gold pieces.
You spent 1455 gold pieces at shops.

Inventory:

Missiles
 e - 2 throwing nets
 f - 96 poisoned darts
 B - a curare-tipped dart (quivered)
Armour
 x - a +2 kite shield (worn)
 E - a +1 hat of see invisible (worn)
 J - a +0 pair of gloves (worn)
 P - the +8 acid dragon scales of the Tanner (worn) {rCorr Dex+2 SInv Stlth-}
   (You bought it in a shop on level 2 of the Orcish Mines)

   It affects your dexterity (+2).
   It lets you see invisible.
   It provides partial protection from all sources of acid and corrosion.
   It makes you less stealthy.
Magical Staves
 a - an uncursed staff of energy (weapon)
Jewellery
 u - a +3 ring of dexterity {unknown}
 D - an uncursed ring of magical power
 H - the ring of the Median (left hand) {rF+ Int+4}
   (You found it on level 2 of the Spider Nest)

   [ring of protection from fire]

   It affects your intelligence (+4).
   It protects you from fire.
 K - a ring of magical power (right hand)
Wands
 h - a wand of scattershot (4)
 i - a wand of iceblast (23)
 k - a wand of enslavement (10)
 l - a wand of polymorph (18)
 s - a wand of disintegration (14)
 v - a wand of flame (7)
 I - a wand of digging (6)
Scrolls
 b - 7 scrolls of remove curse
 d - a scroll of blinking
 j - 2 scrolls of teleportation
 m - a scroll of enchant weapon
 n - 5 scrolls of magic mapping
 r - 2 scrolls of fog
 y - a scroll of enchant armour
 z - a scroll of summoning {unknown}
Potions
 g - 3 potions of resistance
 o - 3 potions of might
 p - 5 potions of curing
 t - 2 potions of haste
 w - a potion of ambrosia
 A - 2 potions of magic {unknown}
 C - 5 potions of brilliance
Miscellaneous
 M - a phial of floods
Comestibles
 c - 29 rations


   Skills:
 * Level 6.2 Fighting
 - Level 1.6 Throwing
 - Level 7.1 Armour
 - Level 5.8 Dodging
 - Level 2.6 Stealth
 - Level 15.0 Shields
 + Level 8.7 Unarmed Combat
 * Level 14.6 Spellcasting
 + Level 0.9 Conjurations
 - Level 2.2 Translocations
 - Level 1.7 Transmutations
 + Level 6.3 Fire Magic
 + Level 11.6 Air Magic
 - Level 7.7 Poison Magic
 - Level 5.0 Evocations


You had 22 spell levels left.
You knew the following spells:

 Your Spells              Type           Power        Failure   Level  Hunger
a - Sting                 Tmut/Pois      ####         1%          1    None
b - Poisonous Vapours     Pois/Air       ######       1%          2    None
c - Olgreb's Toxic Radia  Pois           #####...     2%          4    None
d - Ignite Poison         Fire/Tmut/Pois #####...     1%          3    None
e - Mephitic Cloud        Conj/Pois/Air  #####...     1%          3    None
f - Airstrike             Air            ######....   1%          4    None
g - Blink                 Tloc           N/A          3%          2    None
h - Conjure Flame         Conj/Fire      ####....     3%          3    None

Your spell library contained the following spells:

 Spells                   Type           Power        Failure   Level  Hunger
 Foxfire                  Conj/Fire      ####         1%          1    None
 Shock                    Conj/Air       ####         1%          1    None
 Corpse Rot               Necr/Air       N/A          1%          2    None
 Swiftness                Chrm/Air       #####...     1%          2    None
 Static Discharge         Conj/Air       #####...     1%          3    None
 Beastly Appendage        Tmut           ###...       2%          1    None
 Spider Form              Tmut/Pois      #####.....   2%          3    None
 Sticks to Snakes         Tmut           ###.....     4%          2    None
 Inner Flame              Hex/Fire       ####....     4%          3    None
 Summon Lightning Spire   Summ/Air       #####...     4%          4    None
 Animate Skeleton         Necr           N/A          5%          1    None
 Corona                   Hex            ###....      5%          1    None
 Infusion                 Chrm           ###.         5%          1    None
 Pain                     Necr           ###.         5%          1    None
 Shroud of Golubria       Chrm/Tloc      ###...       5%          2    None
 Gell's Gravitas          Tloc           ###.......   7%          3    None
 Lesser Beckoning         Tloc           ###.......   7%          3    None
 Teleport Other           Tloc           ###.....     7%          3    None
 Ensorcelled Hibernation  Hex/Ice        ###...       9%          2    None
 Song of Slaying          Chrm           ###.....     9%          2    None
 Sublimation of Blood     Necr           ###.......   9%          2    None
 Portal Projectile        Hex/Tloc       ###...       11%         3    None
 Sticky Flame             Conj/Fire      ####....     12%         4    None
 Lightning Bolt           Conj/Air       #####.....   12%         5    None
 Stone Arrow              Conj/Erth      ###...       14%         3    None
 Ozocubu's Armour         Chrm/Ice       ###.....     17%         3    None
 Spectral Weapon          Hex/Chrm       ###.....     17%         3    None
 Vampiric Draining        Necr           ###.......   17%         3    None
 Passage of Golubria      Tloc           N/A          22%         4    None
 Fireball                 Conj/Fire      ####......   34%         5    None
 Ice Form                 Ice/Tmut       ###.....     36%         4    None
 Animate Dead             Necr           N/A          50%         4    None
 Dispel Undead            Necr           ###.....     50%         4    None
 Leda's Liquefaction      Hex/Erth       ###.......   50%         4    None
 Summon Ice Beast         Ice/Summ       ###.....     50%         4    None
 Conjure Ball Lightning   Conj/Air       #####.....   54%         6    None
 Blade Hands              Tmut           ###.......   58%         5    None
 Irradiate                Conj/Tmut      ###.......   65%         5    None
 Yara's Violent Unravell  Hex/Tmut       ###.......   71%         5    None
 Eringya's Noxious Bog    Tmut/Pois      #####.....   77%         6    None
 Aura of Abjuration       Summ           ###.......   83%         5    None
 Excruciating Wounds      Chrm/Necr      ###.......   83%         5    None
 Freezing Cloud           Conj/Ice/Air   ####......   83%         6    None
 Starburst                Conj/Fire      ####......   88%         6    None
 Hydra Form               Tmut           ###.......   99%         6    None
 Statue Form              Tmut/Erth      ###......    99%         6    None
 Darkness                 Hex            ###.......   100%        6    None
 Death Channel            Necr           ###.......   100%        6    None
 Shadow Creatures         Summ           N/A          100%        6    None
 Dragon Form              Tmut           ###.......   100%        7    None
 Haunt                    Necr/Summ      ###.......   100%        7    None
 Monstrous Menagerie      Summ           ###.......   100%        7    None
 Death's Door             Chrm/Necr      ###.......   100%        8    None
 Ignition                 Fire           #####.....   100%        8    None
 Infestation              Necr           ###.......   100%        8    None
 Lehudib's Crystal Spear  Conj/Erth      ###.......   100%        8    None
 Shatter                  Erth           ###.......   100%        9    None
 Tornado                  Air            ######....   100%        9    None


Dungeon Overview and Level Annotations

Branches:
Dungeon (12/15)            Temple (1/1) D:7            Lair (6/6) D:11
 Shoals (0/4) Lair:3       Spider (3/4) Lair:2        Slime (0/5) Lair:6
    Orc (2/2) D:9             Elf (0/3) Orc:2

Altars:
Ashenzari
Dithmenos
Elyvilon
Fedhas
Gozag
Hepliaklqana
Kikubaaqudgha
Makhleb
Qazlal
Sif Muna
Uskayaw
Vehumet
Xom
The Shining One

Shops:
D:7 !   Orc:2 [[[:(

Portals:
Hell: Lair:6

Annotations:
Spider:2 1 runed translucent door, Arachne


Innate Abilities, Weirdness & Mutations

You have a beak for a mouth.
You have claws for feet.
You can fly continuously.


Message History

The enormous slime creature is severely wounded.
You block the enormous slime creature's attack.
Casting: Airstrike (safe; 1% risk of failure)
Confirm with . or Enter, or press ? or * to list all spells.
Aiming: Airstrike (safe; 1% risk of failure)
Press: ? - help, Dir - move target cursor, f/p - enormous slime creature
Aim: an enormous slime creature (severely wounded)
The air twists around and strikes the enormous slime creature!
The enormous slime creature is almost dead.
You block the enormous slime creature's attack.
Casting: Airstrike (safe; 1% risk of failure)
Confirm with . or Enter, or press ? or * to list all spells.
Aiming: Airstrike (safe; 1% risk of failure)
Press: ? - help, Dir - move target cursor, f/p - enormous slime creature
Aim: an enormous slime creature (almost dead)
The air twists around and strikes the enormous slime creature!
The enormous slime creature is almost dead.
The enormous slime creature hits you!!!
Ouch! That really hurt!
You die...

#.....# #........#
#.....# #........#
##.....# ###......?.#
##.....# #.'........#
.'.....#####.#........#
##.....'.....#........#
#.....#######........#
####### #........#
###@###### #J#
######'######
#...........#
#...........#
#...........#
+...........#
#...........#
#.....#.....#


You could see an enormous slime creature.

Vanquished Creatures
  Rupert (Spider:1)
  Kirke (Lair:6)
  An orc warlord (Orc:2)
  An entropy weaver (Spider:1)
  9 hydras
  Harold (Lair:1)
  Erica (D:8)
  11 two-headed ogres
  2 ogre magi (Orc:2)
  A death yak (Lair:5)
  A tengu warrior (D:10)
  A sun demon (Lair:6)
  A wizard (Lair:6)
  2 deep trolls (Orc:2)
  A deep elf mage (D:12)
  Pikel (D:4)
  2 ugly things
  14 orb spiders
  An orc knight (Orc:2)
  2 orc sorcerers
  9 wolf spiders
  3 cyclopes
  A merfolk siren (Lair:3)
  A centaur zombie (D:11)
  A torpor snail (Lair:6)
  17 elephants
  A smoke demon (Lair:6)
  5 black mambas
  Joseph (D:7)
  An eye of devastation (Lair:6)
  19 spiny frogs
  2 orange demons (Lair:6)
  Maggie (D:8)
  6 rime drakes
  7 demonic crawlers
  2 ice devils (Lair:6)
  A red devil (Lair:6)
  7 komodo dragons
  A queen bee (Lair:3)
  A polar bear (Lair:4)
  12 trolls
  16 jumping spiders
  2 hornets
  4 hippogriffs
  8 blink frogs
  19 dream sheep
  2 wyverns
  Sigmund (D:4)
  71 redbacks
  22 tarantellas
  63 yaks
  5 hogs (Lair:6)
  Grum (Lair:1)
  A basilisk (Lair:2)
  A steam dragon (D:10)
  Edmund (D:4)
  Menkaure (D:7)
  5 wargs
  10 water moccasins
  5 hell hounds (Lair:6)
  8 porcupines
  5 ice beasts
  2 slaves (D:3)
  19 orc warriors
  3 black bears
  2 eyes of draining
  2 sky beasts
  3 phantoms
  24 ogres
  28 wolves
  3 centaurs
  13 crocodiles
  4 big kobolds (D:9)
  A wyvern zombie (D:10)
  13 bullfrogs
  Blork the orc (D:5)
  2 gnoll sergeants
  3 scorpions
  25 killer bees
  5 wights (D:8)
  An electric eel (Lair:1)
  3 crimson imps
  A howler monkey (D:4)
  3 bullfrog zombies
  A quasit (D:11)
  9 hounds
  2 bullfrog skeletons
  18 orc wizards
  6 iguanas
  16 orc priests
  4 jellies
  2 centaur skeletons
  2 gnoll shamans
  17 worker ants
  A hound zombie (D:8)
  2 howler monkey skeletons
  14 gnolls
  7 adders
  2 shadow imps
  An ooze (D:1)
  3 adder skeletons
  4 worms
  4 dart slugs
  6 leopard geckos
  89 orcs
  5 bats
  4 giant cockroaches
  11 goblins
  4 hobgoblins
  10 jackals
  10 kobolds
  5 quokkas
  2 ball pythons
  5 frilled lizards
  A jackal skeleton (D:5)
  4 rats
  A plant (Lair:4)
838 creatures vanquished.

Vanquished Creatures (others)
  A tarantella (Spider:1)
  A human (Lair:6)
  11 fungi
  8 plants
21 creatures vanquished.

Grand Total: 859 creatures vanquished

Notes
Turn   | Place    | Note
-------+----------+-------------------------------------------
     0 | D:1      | Lugonue the Tengu Venom Mage began the quest for the Orb.
     0 | D:1      | Reached XP level 1. HP: 10/10 MP: 4/4
   428 | D:1      | Reached XP level 2. HP: 12/16 MP: 3/6
   763 | D:1      | Reached skill level 1 in Unarmed Combat
  1015 | D:1      | Reached XP level 3. HP: 20/20 MP: 7/7
  1133 | D:1      | Learned a level 2 spell: Poisonous Vapours
  1167 | D:2      | Reached skill level 1 in Fighting
  1173 | D:2      | Reached skill level 1 in Transmutations
  1746 | D:2      | Reached XP level 4. HP: 25/25 MP: 3/8
  1777 | D:2      | Found a faded altar of an unknown god.
  1916 | D:2      | Became a worshipper of Sif Muna the Loreminder
  1916 | D:2      | Reached * piety under Sif Muna
  2148 | D:3      | Learned a level 3 spell: Ignite Poison
  2443 | D:3      | Gained mutation: You can fly continuously. [Tengu growth]
  2443 | D:3      | Reached XP level 5. HP: 19/30 MP: 6/9
  2631 | D:3      | Found a glowing drain.
  2776 | D:3      | Noticed an ice beast
  2907 | D:3      | Killed an ice beast
  2907 | D:3      | Reached skill level 1 in Throwing
  2907 | D:3      | Reached skill level 1 in Air Magic
  2907 | D:3      | Reached XP level 6. HP: 18/36 MP: 1/11
  3102 | D:3      | Learned a level 4 spell: Olgreb's Toxic Radiance
  3110 | D:3      | Reached ** piety under Sif Muna
  3228 | D:4      | Noticed a slave
  3251 | D:3      | Killed a slave
  3381 | D:4      | Noticed Edmund
  3415 | D:4      | Killed Edmund
  3415 | D:4      | Reached XP level 7. HP: 23/40 MP: 3/12
  3598 | D:4      | Noticed Pikel
  3929 | D:4      | Reached skill level 1 in Armour
  3930 | D:4      | Noticed Sigmund
  3934 | D:4      | Killed Sigmund
  4105 | D:4      | Reached XP level 8. HP: 46/46 MP: 11/14
  4475 | D:4      | Killed Pikel
  4560 | D:5      | Entered Level 5 of the Dungeon
  4560 | D:5      | Noticed Blork the orc
  4576 | D:5      | Killed Blork the orc
  4655 | D:5      | Reached skill level 5 in Poison Magic
  5006 | D:5      | Learned a level 3 spell: Mephitic Cloud
  5093 | D:5      | Reached skill level 5 in Spellcasting
  5093 | D:5      | Reached skill level 5 in Air Magic
  5137 | D:5      | Reached XP level 9. HP: 28/51 MP: 2/17
  5896 | D:6      | Reached *** piety under Sif Muna
  6061 | D:6      | Found an opulent altar of Gozag.
  7136 | D:7      | Found a staircase to the Ecumenical Temple.
  7178 | Temple   | Entered the Ecumenical Temple
  7305 | D:7      | Noticed Joseph
  7308 | D:7      | Killed Joseph
  7321 | D:7      | Found Jutim's Distillery.
  7328 | D:7      | Bought 3 potions of curing for 117 gold pieces
  7328 | D:7      | Bought a potion of flight for 39 gold pieces
  7328 | D:7      | Bought a potion of curing for 39 gold pieces
  7347 | D:7      | Reached XP level 10. HP: 37/56 MP: 13/22
  7559 | D:7      | Noticed Menkaure
  7563 | D:7      | Killed Menkaure
  7993 | D:8      | Noticed Erica
  7999 | D:8      | Reached **** piety under Sif Muna
  8007 | D:8      | Killed Erica
  8059 | D:8      | Learned a level 1 spell: Sting
  8642 | D:8      | Noticed Maggie
  8650 | D:8      | Killed Maggie
  9006 | D:8      | Reached skill level 5 in Armour
  9303 | D:9      | Reached XP level 11. HP: 56/60 MP: 24/24
  9333 | D:9      | Noticed a three-headed hydra
  9348 | D:9      | Reached skill level 5 in Unarmed Combat
  9348 | D:9      | Killed a three-headed hydra
  9578 | D:9      | Reached ***** piety under Sif Muna
  9578 | D:9      | Identified Sif Muna's Handbook of Moulding and Bewitchment
                  | (Sif Muna gifted it to you on level 9 of the Dungeon)
  9578 | D:9      | Received a gift from Sif Muna
  9923 | D:9      | Noticed a two-headed ogre
  9929 | D:9      | Killed a two-headed ogre
 10098 | D:9      | Found a staircase to the Orcish Mines.
 10489 | D:10     | Entered Level 10 of the Dungeon
 11044 | D:10     | Found a shadowy altar of Dithmenos.
 11177 | D:10     | Noticed a tengu warrior
 11188 | D:10     | Killed a tengu warrior
 11188 | D:10     | Reached skill level 5 in Dodging
 11497 | D:11     | Reached skill level 10 in Spellcasting
 11713 | D:11     | Reached XP level 12. HP: 53/66 MP: 26/27
 11735 | D:11     | Learned a level 4 spell: Airstrike
 11970 | D:11     | Noticed a two-headed ogre
 11975 | D:11     | Killed a two-headed ogre
 12098 | D:11     | Noticed a two-headed ogre
 12102 | D:11     | Killed a two-headed ogre
 12338 | D:11     | Found a staircase to the Lair.
 12351 | Lair:1   | Entered Level 1 of the Lair of Beasts
 12382 | Lair:1   | Reached skill level 5 in Fire Magic
 12493 | Lair:1   | Noticed Grum
 12503 | Lair:1   | Killed Grum
 12706 | Lair:1   | Identified Sif Muna's Grimoire of Supportive Stolen Souls
                  | (Sif Muna gifted it to you on level 1 of the Lair of
                  | Beasts)
 12706 | Lair:1   | Received a gift from Sif Muna
 12947 | Lair:1   | Noticed Harold
 12957 | Lair:1   | Killed Harold
 13810 | Lair:1   | Learned a level 2 spell: Blink
 13844 | Lair:2   | Noticed a five-headed hydra
 13999 | Lair:2   | Noticed a four-headed hydra
 14005 | Lair:2   | Killed a four-headed hydra
 14005 | Lair:2   | Reached skill level 2 in Shields
 14022 | Lair:1   | Reached skill level 3 in Shields
 14023 | Lair:1   | Upgraded the game from 0.25-a0-730-g633e9c3c14 to
                  | 0.25-a0-731-g0472a16d6a
 14325 | Lair:2   | Reached skill level 4 in Shields
 14448 | Lair:2   | Found a hole to the Spider Nest.
 14471 | Lair:2   | Reached XP level 13. HP: 31/70 MP: 9/29
 14472 | Lair:2   | Reached skill level 5 in Shields
 14666 | Lair:2   | Reached skill level 6 in Shields
 14765 | Lair:2   | Learned a level 3 spell: Conjure Flame
 14822 | Lair:2   | Reached skill level 7 in Shields
 15688 | Lair:3   | Reached skill level 1 in Translocations
 15695 | Lair:3   | Reached skill level 8 in Shields
 16268 | Lair:3   | Found a staircase to the Shoals.
 16419 | Lair:4   | Reached skill level 9 in Shields
 16499 | Lair:4   | Identified Baw Fixuutu's Tome of Harmful Companions (Sif
                  | Muna gifted it to you on level 4 of the Lair of Beasts)
 16499 | Lair:4   | Received a gift from Sif Muna
 16734 | Lair:4   | Reached skill level 10 in Shields
 17081 | Lair:4   | Reached skill level 11 in Shields
 17146 | Lair:4   | Reached XP level 14. HP: 36/76 MP: 29/30
 17825 | Lair:4   | Reached skill level 12 in Shields
 18813 | Lair:5   | Reached skill level 13 in Shields
 19347 | Lair:6   | Entered Level 6 of the Lair of Beasts
 19576 | Lair:6   | Identified Sif Muna's Papyrus of Harmful Beguiling (Sif
                  | Muna gifted it to you on level 6 of the Lair of Beasts)
 19576 | Lair:6   | Received a gift from Sif Muna
 20011 | Lair:6   | Reached skill level 14 in Shields
 20579 | Lair:6   | Noticed Kirke
 20589 | Lair:6   | Killed Kirke
 21204 | Lair:6   | Found a staircase to the Slime Pits.
 21559 | Lair:6   | Reached skill level 15 in Shields
 21723 | Lair:6   | Reached XP level 15. HP: 29/80 MP: 1/31
 22310 | Lair:6   | Reached skill level 10 in Air Magic
 22310 | Lair:6   | Reached skill level 1 in Evocations
 22325 | Lair:6   | Found a burning altar of Makhleb.
 22330 | Lair:6   | Found a gateway to Hell.
 22518 | Spider:1 | Entered Level 1 of the Spider Nest
 22537 | Spider:1 | Received a gift from Sif Muna
 23587 | Spider:1 | Noticed Rupert
 23594 | Spider:1 | Killed Rupert
 24110 | Spider:2 | Reached skill level 5 in Fighting
 24147 | Spider:2 | Got a brightly glowing turquoise ring
 24149 | Spider:2 | Identified the ring of the Median {rF+ Int+4} (You found it
                  | on level 2 of the Spider Nest)
 24553 | Spider:2 | Found a runed translucent door.
 24706 | Spider:2 | Noticed Arachne
 24739 | Spider:3 | Noticed an emperor scorpion
 24968 | Spider:3 | Identified Sif Muna's Tome of Unholy Curses (Sif Muna
                  | gifted it to you on level 3 of the Spider Nest)
 24968 | Spider:3 | Received a gift from Sif Muna
 25190 | Spider:3 | Reached XP level 16. HP: 78/87 MP: 19/34
 25622 | Orc:1    | Entered Level 1 of the Orcish Mines
 26385 | Orc:2    | Entered Level 2 of the Orcish Mines
 26634 | Orc:2    | Found a staircase to the Elven Halls.
 26639 | Orc:2    | Found Tunkumui's Armour Boutique.
 26883 | Orc:2    | Identified Sif Muna's Handbook of Flames and Darkness (Sif
                  | Muna gifted it to you on level 2 of the Orcish Mines)
 26883 | Orc:2    | Received a gift from Sif Muna
 27052 | Orc:2    | Found Alacyul's Armour Shoppe.
 27053 | Orc:2    | Found Muosuse's Antique Weapon Shop.
 27054 | Orc:2    | Found Inituiduaviu's Antique Armour Boutique.
 27059 | Orc:2    | Found Colof's Book Shop.
 27066 | Orc:2    | Reached skill level 5 in Evocations
 27074 | Orc:2    | Bought encrusted acid dragon scales for 1260 gold pieces
 27085 | Orc:2    | Identified the +8 acid dragon scales of the Tanner {rCorr
                  | Dex+2 SInv Stlth-} (You bought it in a shop on level 2 of
                  | the Orcish Mines)
 28503 | D:12     | Slain by an enormous slime creature

Levels and vault maps discovered:
D:1:      minmay_arrival_solitary_statue, layout_basic
D:2:      layout_basic, chequers_ecumenical_altar_grove, minmay_misc_feat_doors
D:3:      layout_rooms, portal_sewer_entry_b, first_ration
D:4:      layout_basic, serial_rivers, chequers_serial_rivers_small_3,
          chequers_serial_rivers_micro_b, chequers_serial_rivers_small_a,
          chequers_serial_rivers_micro_d, minmay_fountain_box,
          kennysheep_nondescript, minmay_distorted, uniq_pikel, uniq_edmund,
          uniq_sigmund
D:5:      layout_basic, grunt_ministairs_3, uniq_blork_the_orc
D:6:      layout_cave_pools, nicolae_gozag_seed_capital, minmay_crossroads
D:7:      layout_basic, minmay_temple_entry_trees, serial_shops, shop,
          uniq_menkaure, uniq_joseph
D:8:      layout_basic, uniq_erica, uniq_maggie
D:9:      layout_rooms, orc_0_dummy, hangedman_ranch [blue_anna_fruit_fields]
D:10:     layout_irregular_city, corexii_leaking_fountain,
          nicolae_dithmenos_through_a_glass_darkly
D:11:     layout_loops_ring, erik_lair_orcish_takeover
D:12:     layout_roguey, serial_shops, nicolae_shop_stone,
          minmay_misc_feat_hallway
Temple:   dpeg_three_leaves_temple
Lair:1:   layout_gridlike, grunt_megastairs_2, serial_bayou_shore_a,
          uniq_harold, uniq_grum
Lair:2:   layout_loops_ring, spider_nest_entry_webs
Lair:3:   layout_hall_layers, minmay_shoals_entry_lonely_mermaid, special_room
          [special_room_bee]
Lair:4:   beast_lair_carwin_large_1, layout_long_grid
Lair:5:   layout_regular_city, chequers_serial_rivers_large_a,
          hangedman_lair_generics_rect, infiniplex_staircase_pool,
          lemuel_fruit_tree
Lair:6:   evil_forest, layout_cave_shapes, minmay_slime_entry_eyes, uniq_kirke
Spider:1: layout_spider_delve, uniq_rupert
Spider:2: cheibrodos_spider_deadly_dance, uniq_arachne
Spider:3: nicolae_spider_mines_1
Orc:1:    minmay_goldmine, layout_diamond_mine, serial_shops
Orc:2:    st_orc_open, layout_caves, enter_volcano_1, serial_shops,
          nicolae_shop_trees, sword_in_stone

Skill      XL: |  1  2  3  4  5  6  7  8  9 10 11 12 13 14 15 16 |
---------------+-------------------------------------------------+-----
Unarmed Combat | 1 2 3 4 7 8 |  8.7
Fighting       | 1 2 3 4 5 6 |  6.2
Transmutations | 1 |  1.7
Throwing       | 1 |  1.6
Air Magic      | 1 2 5 6 7 9 11 | 11.6
Spellcasting   | 3 5 7 8 10 11 13 14 | 14.6
Poison Magic   | 4 5 6 7 |  7.7
Dodging        | 3 4 5 |  5.8
Armour         | 4 7 |  7.1
Fire Magic     | 2 3 4 5 6 |  6.3
Shields        | 4 11 15 | 15.0
Translocations | 2 |  2.2
Evocations     | 4 5 |  5.0
Stealth        | |  2.6
Conjurations   | |  0.9

Action                   |  1- 3 |  4- 6 |  7- 9 | 10-12 | 13-15 | 16-18 || total
-------------------------+-------+-------+-------+-------+-------+-------++-------
Melee: Unarmed           |    46 |    64 |   181 |   324 |   315 |   128 ||  1058
       Peck              |     6 |     9 |    26 |    58 |    69 |    35 ||   203
       Kick              |     9 |    18 |    51 |    90 |    98 |    55 ||   321
       Punch             |       |       |     2 |     7 |     6 |       ||    15
       Staff             |       |       |       |       |     8 |     8 ||    16
Throw: Dart              |     8 |    36 |    19 |     1 |    14 |     2 ||    80
       Throwing net      |       |       |       |       |       |     1 ||     1
 Cast: Sting             |    21 |    12 |     5 |     8 |     9 |     6 ||    61
       Poisonous Vapours |     7 |    21 |    65 |    44 |   113 |    48 ||   298
       Ignite Poison     |       |     4 |    14 |    56 |    83 |    45 ||   202
       Olgreb's Toxic Ra |       |     1 |    17 |    51 |    69 |    43 ||   181
       Mephitic Cloud    |       |       |       |    19 |    25 |     4 ||    48
       Airstrike         |       |       |       |    48 |   237 |    35 ||   320
       Blink             |       |       |       |     2 |    21 |       ||    23
       Conjure Flame     |       |       |       |       |     5 |     2 ||     7
Invok: Channel Magic     |       |       |       |       |     3 |     2 ||     5
Evoke: Wand              |       |       |     6 |     3 |     8 |       ||    17
       Phial of floods   |       |       |       |       |     1 |       ||     1
       Staff of energy   |       |       |       |       |    13 |     7 ||    20
  Use: Scroll            |       |       |    20 |     6 |    10 |     1 ||    37
       Potion            |       |       |       |     3 |    12 |       ||    15
 Stab: Distracted        |     1 |       |       |       |       |       ||     1
       Sleeping          |     1 |     2 |     3 |     7 |       |       ||    13
       Confused          |       |       |       |     1 |     4 |       ||     5
  Eat: Chunk             |     3 |     8 |    18 |    23 |    23 |     7 ||    82
       Ration            |       |       |       |     3 |     8 |     1 ||    12
Armor: Robe              |    11 |    10 |       |       |       |       ||    21
       Skin              |       |       |    17 |       |       |       ||    17
       Leather armour    |       |       |    41 |    12 |       |       ||    53
       Swamp dragon scal |       |       |       |   100 |   111 |    24 ||   235
       Acid dragon scale |       |       |       |       |       |    21 ||    21
Dodge: Dodged            |    41 |    48 |    98 |   229 |   220 |    69 ||   705
Block: Kite shield       |       |       |       |       |   276 |   146 ||   422

Table legend:
 A = Non-vault XP
 B = Vault XP
 C = Vault XP percentage of total XP
 D = Non-vault monster count
 E = Vault monster count
 F = Vault count percentage of total count
                 A         B        C        D         E       F
            +---------+---------+-------+---------+---------+-------
      Total |  110913 |   51490 |  31.7 |     672 |     164 |  19.6
            +---------+---------+-------+---------+---------+-------
        D:1 |      34 |       0 |   0.0 |      16 |       0 |   0.0
        D:2 |      52 |       0 |   0.0 |      14 |       0 |   0.0
        D:3 |     290 |      16 |   5.2 |      27 |       6 |  18.2
        D:4 |     429 |    1067 |  71.3 |      18 |       5 |  21.7
        D:5 |     611 |      88 |  12.6 |      27 |       2 |   6.9
        D:6 |     879 |      39 |   4.2 |      20 |       2 |   9.1
        D:7 |     879 |     603 |  40.7 |      20 |       2 |   9.1
        D:8 |    1729 |    1305 |  43.0 |      38 |       2 |   5.0
        D:9 |    4351 |    2124 |  32.8 |      37 |       8 |  17.8
       D:10 |    2350 |       0 |   0.0 |      38 |       0 |   0.0
       D:11 |    7468 |     552 |   6.9 |      45 |       6 |  11.8
       D:12 |    3835 |       0 |   0.0 |      20 |       0 |   0.0
     Lair:1 |    3190 |    1511 |  32.1 |      19 |       5 |  20.8
     Lair:2 |    7664 |     458 |   5.6 |      28 |       2 |   6.7
     Lair:3 |    4041 |    1994 |  33.0 |      14 |      21 |  60.0
     Lair:4 |    9733 |    5189 |  34.8 |      41 |      11 |  21.2
     Lair:5 |    6624 |    2715 |  29.1 |      31 |       7 |  18.4
     Lair:6 |    9069 |   13920 |  60.6 |      30 |      32 |  51.6
   Spider:1 |   18322 |    2971 |  14.0 |      60 |       1 |   1.6
   Spider:2 |   13397 |       0 |   0.0 |      47 |       0 |   0.0
   Spider:3 |   10137 |       0 |   0.0 |      33 |       0 |   0.0
      Orc:1 |    2181 |     680 |  23.8 |      22 |      12 |  35.3
      Orc:2 |    3648 |   16258 |  81.7 |      27 |      40 |  59.7
            +---------+---------+-------+---------+---------+-------
